 Dungeon Crawl Stone Soup version 0.21-a0-55-gb612c23 (webtiles) character file.

11312 minicreteconcrete the Grappler (level 11, -9/100 HPs)
             Began as a Troll Fighter on June 14, 2017.
             Was a High Priest of Okawaru.
             Killed from afar by a steam dragon (21 damage)
             ... with a ball of steam
             ... on level 10 of the Dungeon.
             The game lasted 00:19:16 (8250 turns).

minicreteconcrete the Grappler (Troll Fighter)      Turns: 8250, Time: 00:19:16

Health: -9/100     AC:  9    Str: 27    XL:     11   Next: 47%
Magic:  13/13      EV: 12    Int:  4    God:    Okawaru [*****.]
Gold:   329        SH: 12    Dex: 13    Spells: 10/10 levels left

rFire    . . .     SeeInvis .     - Unarmed
rCold    . . .     Gourm    +   b - +1 shield
rNeg     . . .     Faith    .   Q - +0 troll leather armour
rPois    +         Spirit   .   I - +1 hat
rElec    .         Reflect  .   W - +0 cloak {rPois}
rCorr    .         Harm     .   (gloves unavailable)
MR       .....     Clarity  +   (boots unavailable)
Stlth    ++........             m - amulet of regeneration
HPRegen  1.46/turn              (no ring)
MPRegen  0.13/turn              N - +2 ring of slaying

@: lethally poisoned (-9 -> -9)
A: unfitting armour, claws 3, agile 1, clarity, fast metabolism 3, gourmand,
regeneration 1, shaggy fur 1, tough skin 2, wild magic 1
a: Heroism, Finesse, Renounce Religion


You were on level 10 of the Dungeon.
You worshipped Okawaru.
Okawaru was extremely pleased with you.
You were very full.

You visited 2 branches of the dungeon, and saw 12 of its levels.
You also visited: Sewer.

You collected 504 gold pieces.
You spent 175 gold pieces at shops.

Inventory:

Hand Weapons
 t - a +0 morningstar of distortion
 M - a +0 morningstar
Missiles
 f - 284 stones
 k - 3 javelins
 r - 11 tomahawks (quivered)
 s - 4 needles of confusion
 Y - 3 needles of sleeping
Armour
 a - a +0 robe
 b - a +1 shield (worn)
 I - a +1 hat (worn)
 Q - a +0 troll leather armour (worn)
 W - a +0 cloak of poison resistance (worn)
Jewellery
 m - an amulet of regeneration (around neck)
 v - an uncursed ring of magical power
 B - an uncursed ring of teleportation
 C - the ring "Uxiburchik" {Ice Stlth+}
   (You found it on level 5 of the Dungeon)

   [ring of ice]

   It enhances your ice magic.
   It makes you vulnerable to fire.
   It protects you from cold.
   It makes you more stealthy.
 N - a +2 ring of slaying (right claw)
Wands
 y - a wand of polymorph (21/24)
 J - a wand of flame (27/48)
 O - a wand of clouds (6/9)
 P - a wand of iceblast (6/15)
 R - a wand of random effects (20/48)
 T - a wand of polymorph (14/24)
 U - a wand of paralysis (19/24)
 X - a wand of flame (18/48)
Scrolls
 e - a scroll of amnesia
 i - 5 scrolls of fog
 j - 12 scrolls of identify
 l - a scroll of teleportation
 n - a scroll of recharging
 o - 2 scrolls of enchant weapon
 p - 3 scrolls of remove curse
 u - a scroll of fear
 E - a scroll of immolation
 H - 3 scrolls of enchant armour
Potions
 c - 2 potions of might
 g - 4 potions of heal wounds
 q - 3 potions of mutation
 x - 2 potions of flight
 A - a potion of agility
 F - 9 potions of curing {unknown}
 G - a potion of degeneration {unknown}
 K - a potion of berserk rage {unknown}
 V - a potion of brilliance
Books
 S - a book of Conjurations

   Spells                             Type                      Level
   a - Magic Dart                     Conjuration                  1
   b - Searing Ray                    Conjuration                  2
   c - Dazzling Spray                 Conjuration/Hexes            3
   d - Fulminant Prism                Conjuration/Hexes            4
   e - Force Lance                    Conjuration/Translocation    4
   f - Iskenderun's Mystic Blast      Conjuration                  4
Comestibles
 d - 9 bread rations
 h - 11 royal jellies
 z - 4 fruits
 D - a meat ration
 L - 9 chunks of flesh


   Skills:
 + Level 4.0 Fighting
 + Level 0.5 Throwing
 + Level 2.4 Armour
 + Level 7.0 Dodging
 + Level 2.4 Stealth
 + Level 7.2 Shields
 + Level 11.5 Unarmed Combat
 * Level 5.1 Invocations
 + Level 0.1 Evocations


You had 10 spell levels left.
You didn't know any spells.

Dungeon Overview and Level Annotations

Branches:
Dungeon (11/15)            Temple (1/1) D:6             Orc (0/2) D:9
   Lair: D:8-11

Altars:
Ashenzari
Cheibriados
Dithmenos
Elyvilon
Fedhas
Gozag
Hepliaklqana
Kikubaaqudgha
Makhleb
Nemelex Xobeh
Okawaru
Qazlal
Ru
Sif Muna
Trog
Uskayaw
Vehumet
Wu Jian
Xom
Yredelemnul
Zin
The Shining One
Beogh

Shops:
D:5 (

Annotations:
D:11 glosham's ghost, journeyman GnAE


Innate Abilities, Weirdness & Mutations

You are too large for most types of armour.
You have claws for hands.
Your metabolism is lightning-fast.
You like to eat raw meat.
Your natural rate of healing is unusually fast.
You are covered in fur. (AC +1)
You have very tough skin. (AC +2)
You are agile. (Dex +2)
You possess an exceptional clarity of mind.
Your spells are a little harder to cast, but a little more powerful.


Message History

Unknown command.
The steam dragon closely misses you.
The steam dragon claws you but does no damage.
You barely miss the steam dragon.
The steam dragon is severely wounded.
The steam dragon barely misses you. You block the steam dragon's attack.
You scratch the steam dragon but do no damage.
The steam dragon is severely wounded.
You feel sick.
Your troll leather armour prevents you from hitting the steam dragon.
The steam dragon is severely wounded.
The steam dragon closely misses you. The steam dragon barely misses you.
You closely miss the steam dragon.
The steam dragon is severely wounded.
The steam dragon breathes steam at you. The ball of steam hits you!
* * * LOW HITPOINT WARNING * * *
The steam dragon breathes steam at you. The ball of steam hits you!
You die...

....####...#............#
.........###............#
....###### #............#
##### ########'#####
#####..# #.....##
####'######### ####
#......D.....# ...#
#.....@§>....# ...#
#......§.....# ...#
#......§.....# ...#####
#......§.....#
...'...####......§.....#
...###....'............#
<..# ######............#
...# ########'##### ####
#.#


You could see a steam dragon.

Vanquished Creatures
  2 two-headed ogres (D:10)
  An unseen horror (D:11)
  The ghost of Ijustatesigmund the Sneak, a novice OpCj (D:8)
  A cyclops (D:11)
  The ghost of Kenran the Carver, a novice KoBe of Trog (D:5)
  Psyche (D:8)
  The ghost of Kidiri the Bolt Thrower, a novice KoHu (D:4)
  A queen bee (D:11)
  3 trolls
  A hippogriff (D:9)
  4 yaks
  A hungry ghost (D:8)
  A soldier ant (D:10)
  A water moccasin (D:10)
  3 ice beasts
  6 orc warriors
  2 sky beasts
  2 black bears
  4 phantoms
  2 centaurs
  6 ogres
  3 crocodiles
  A big kobold (D:8)
  4 bullfrogs
  2 scorpions (D:11)
  25 killer bees
  4 wights (D:10)
  2 howler monkeys (D:10)
  2 electric eels (D:6)
  A centaur zombie (D:11)
  4 crimson imps
  A jelly (D:9)
  A quasit (D:8)
  3 bullfrog zombies
  3 hounds
  9 orc priests
  9 orc wizards
  2 bullfrog skeletons
  A centaur skeleton (D:11)
  4 iguanas
  3 worker ants
  2 worker ant zombies
  12 adders
  6 shadow imps
  An ooze (D:3)
  3 adder zombies
  An adder skeleton (D:6)
  3 worms
  13 dart slugs
  6 leopard geckos
  52 orcs
  5 giant cockroaches
  7 goblins
  7 hobgoblins
  5 jackals
  7 quokkas
  2 ball pythons
  6 bats
  4 frilled lizards
  17 kobolds
  3 rats
291 creatures vanquished.

Vanquished Creatures (others)
  A scorpion (D:8)
  An orc (D:6)
2 creatures vanquished.

Grand Total: 293 creatures vanquished

Notes
Turn   | Place    | Note
-------+----------+-------------------------------------------
     0 | D:1      | minicreteconcrete the Troll Fighter began the quest for the Orb.
     0 | D:1      | Reached XP level 1. HP: 22/22 MP: 0/0
   121 | D:1      | Reached XP level 2. HP: 29/29 MP: 1/1
   794 | D:2      | Reached XP level 3. HP: 34/36 MP: 2/2
   875 | D:2      | Found a sparkling altar of Nemelex Xobeh.
  1000 | D:2      | Reached skill level 3 in Unarmed Combat
  1392 | D:2      | Found a glowing silver altar of Zin.
  1466 | D:3      | Reached XP level 4. HP: 20/44 MP: 3/3
  1937 | D:3      | Found a glowing drain.
  1949 | Sewer    | Entered a sewer
  2028 | Sewer    | Noticed a crocodile
  2038 | Sewer    | Killed a crocodile
  2038 | Sewer    | Reached skill level 4 in Unarmed Combat
  2038 | Sewer    | Reached XP level 5. HP: 52/52 MP: 4/4
  2326 | D:4      | Noticed Kidiri's ghost (novice KoHu)
  2327 | D:4      | Noticed an ogre
  2438 | D:3      | Killed an ogre
  2438 | D:3      | Reached XP level 6. HP: 61/61 MP: 5/5
  2478 | D:4      | Killed Kidiri's ghost
  2478 | D:4      | Reached skill level 5 in Unarmed Combat
  2478 | D:4      | Reached XP level 7. HP: 57/67 MP: 6/6
  2859 | D:4      | Found a white marble altar of Elyvilon.
  3030 | D:5      | Entered Level 5 of the Dungeon
  3030 | D:5      | Found Jeustries's Antique Weapon Shoppe.
  3070 | D:5      | Bought a runed morningstar for 175 gold pieces
  3084 | D:5      | Gained mutation: Your body sometimes deteriorates upon taking damage. [mutagenic glow]
  3144 | D:5      | Gained mutation: You have a pair of small horns on your head. [mutagenic glow]
  3175 | D:5      | Gained mutation: Scrolls take you a little longer to read. [mutagenic glow]
  3328 | D:5      | Reached skill level 6 in Unarmed Combat
  3594 | D:5      | Reached skill level 1 in Stealth
  3607 | D:5      | Got a vibrating glass ring
  3626 | D:5      | Identified the ring "Uxiburchik" {Ice Stlth+} (You found it on level 5 of the Dungeon)
  3765 | D:5      | Noticed Kenran's ghost (novice KoBe)
  3779 | D:5      | Killed Kenran's ghost
  3779 | D:5      | Reached skill level 7 in Unarmed Combat
  3779 | D:5      | Reached XP level 8. HP: 28/75 MP: 7/7
  4068 | D:6      | Found a staircase to the Ecumenical Temple.
  4084 | Temple   | Entered the Ecumenical Temple
  4179 | Temple   | Became a worshipper of Warmaster Okawaru
  4341 | D:6      | HP: 1/75 [electric eel/bolt of electricity (14)]
  4531 | D:6      | Found a shattered altar of Ashenzari.
  4684 | D:6      | Found a bloodstained altar of Trog.
  4792 | D:6      | Found a shattered altar of Ashenzari.
  4792 | D:6      | Found a shadowy altar of Dithmenos.
  4898 | D:6      | Reached skill level 5 in Shields
  4905 | D:6      | Lost mutation: You have a pair of small horns on your head. [potion of mutation]
  4905 | D:6      | Lost mutation: Scrolls take you a little longer to read. [potion of mutation]
  4905 | D:6      | Lost mutation: Your body sometimes deteriorates upon taking damage. [potion of mutation]
  4905 | D:6      | Gained mutation: Your spells are a little harder to cast, but a little more powerful. [potion of mutation]
  4905 | D:6      | Gained mutation: You are agile. (Dex +2) [potion of mutation]
  4905 | D:6      | Gained mutation: You possess an exceptional clarity of mind. [potion of mutation]
  5023 | D:6      | Reached * piety under Okawaru
  5023 | D:6      | Reached skill level 5 in Dodging
  5023 | D:6      | Reached skill level 8 in Unarmed Combat
  5105 | D:7      | Reached XP level 9. HP: 73/83 MP: 8/8
  5304 | D:7      | Found an ancient bone altar of Kikubaaqudgha.
  6258 | D:8      | Noticed Psyche
  6261 | D:8      | Killed Psyche
  6261 | D:8      | Reached ** piety under Okawaru
  6261 | D:8      | Reached skill level 9 in Unarmed Combat
  6557 | D:9      | Found a staircase to the Orcish Mines.
  6569 | D:9      | Reached skill level 1 in Invocations
  6662 | D:9      | Noticed a troll
  6688 | D:8      | Reached XP level 10. HP: 89/92 MP: 10/10
  6706 | D:8      | Reached *** piety under Okawaru
  6736 | D:9      | Reached skill level 10 in Unarmed Combat
  6748 | D:9      | Found a roughly hewn altar of Beogh.
  6889 | D:8      | Noticed Ijustatesigmund's ghost (novice OpCj)
  6914 | D:8      | Killed Ijustatesigmund's ghost
  6993 | D:9      | Reached **** piety under Okawaru
  6993 | D:9      | Reached skill level 1 in Armour
  7164 | D:10     | Entered Level 10 of the Dungeon
  7164 | D:10     | Noticed a two-headed ogre
  7181 | D:10     | Killed a two-headed ogre
  7222 | D:10     | Noticed a two-headed ogre
  7230 | D:10     | Killed a two-headed ogre
  7230 | D:10     | Reached ***** piety under Okawaru
  7230 | D:10     | Received a gift from Okawaru
  7230 | D:10     | Reached XP level 11. HP: 59/100 MP: 11/13
  7244 | D:10     | Reached skill level 11 in Unarmed Combat
  7861 | D:11     | Received a gift from Okawaru
  8096 | D:11     | Killed an unseen horror
  8096 | D:11     | Reached skill level 5 in Invocations
  8150 | D:11     | Noticed glosham's ghost (journeyman GnAE)
  8161 | D:11     | HP: 3/100 [glosham's ghost/bolt of lightning (40)]
  8250 | D:10     | Killed from afar by a steam dragon

Vault maps used:
D:1:      dpeg_chamrin_arrival_tetris, st_stairs_11, amethyst_killhole
D:2:      zin_statuary, nemelex_diamond_rough_becter
D:3:      cheibrodos_sewer_entry_bend, first_bread
D:4:      elyvilon_altar_3
D:5:      serial_shops, nicolae_shop_window_shopping
D:6:      kennysheep_slugbush, bloody_trog, amethyst_overflow_temple_binary,
          minmay_temple_entry_overgrown, minmay_crystal_water,
          evilmike_ruin_ashenzari
D:7:      kiku_gazebo_pond_becter
D:8:      uniq_psyche
D:9:      minmay_orc_entry_temple_small
D:11:     david_lair_shrubbed, david_nohive_1
Temple:   minmay_crystal_spiral_temple
Sewer:    sewer_the_crocodile

Skill      XL: |  1  2  3  4  5  6  7  8  9 10 11 |
---------------+----------------------------------+-----
Unarmed Combat | 3 4 5 7 8 9 10 11 | 11.5
Shields        | 3 4 5 6 7 |  7.2
Dodging        | 3 4 5 6 7 |  7.0
Fighting       | 3 4 |  4.0
Stealth        | 1 2 |  2.4
Invocations    | 1 4 5 |  5.1
Armour         | 1 2 |  2.4
Throwing       | |  0.5
Evocations     | |  0.1

Action                   |  1- 3 |  4- 6 |  7- 9 | 10-12 || total
-------------------------+-------+-------+-------+-------++-------
Melee: Unarmed           |   118 |   114 |   324 |   348 ||   904
       Headbutt          |       |       |    22 |       ||    22
Throw: Javelin           |       |       |     3 |       ||     3
       Tomahawk          |       |       |     1 |     1 ||     2
Invok: Heroism           |       |       |       |     1 ||     1
Evoke: Wand              |       |       |     1 |       ||     1
  Use: Potion            |       |     1 |     6 |       ||     7
       Scroll            |       |    12 |     1 |     9 ||    22
 Stab: Sleeping          |       |       |     1 |     1 ||     2
       Distracted        |       |       |     1 |       ||     1
  Eat: Chunk             |    19 |    10 |    38 |    14 ||    81
Armor: Robe              |    42 |    33 |    69 |     1 ||   145
       Skin              |       |       |     8 |       ||     8
       Troll leather arm |       |       |       |    71 ||    71
Dodge: Dodged            |    45 |    33 |   105 |   189 ||   372
Block: Shield            |    51 |    53 |   170 |   227 ||   501
